 Dungeon Crawl Stone Soup version 0.18-a0-844-g9229740 (webtiles) character file.

1668 JokEr the Spear-Bearer (level 9, -2/75 HPs)
             Began as a Merfolk Fighter on Dec 19, 2015.
             Succumbed to an orc wizard's poison
             ... on level 6 of the Dungeon.
             The game lasted 00:17:03 (6938 turns).

JokEr the Spear-Bearer (Merfolk Fighter)            Turns: 6938, Time: 00:17:03

Health: -2/75      AC: 15    Str: 19    XL:     9   Next: 1%
Magic:  9/9        EV:  4    Int:  7    God:
Gold:   316        SH:  9    Dex: 14    Spells: 0 memorised, 8 levels left

rFire  . . .     SeeInvis .     a - +0 trident
rCold  . . .     Gourm    .     m - +1 plate armour
rNeg   . . .     Faith    .     c - +0 shield
rPois  .         Spirit   .     (no helmet)
rElec  .         Dismiss  .     i - +0 cloak
rCorr  .         Reflect  .     (no gloves)
SustAt .         Harm     .     (no boots)
MR     .....                    (no amulet)
Stlth  ..........               (no ring)
                                u - +2 ring of protection

@: lethally poisoned (-2 -> -33), not resistant to hostile enchantments,
extremely unstealthy
A: change form in water, swift swim
a: no special abilities


You were on level 6 of the Dungeon.
You were not hungry.

You visited 1 branch of the dungeon, and saw 6 of its levels.
You also visited: Sewer.

You collected 316 gold pieces.

Inventory:

Hand Weapons
 a - a +0 trident (weapon)
Armour
 c - a +0 shield (worn)
 i - a +0 cloak (worn)
 m - a +1 plate armour (worn)
Jewellery
 u - a +2 ring of protection (left hand)
Wands
 b - a wand of flame (15)
 l - a wand of slowing (29)
Scrolls
 e - 3 scrolls of teleportation
 j - a scroll of identify
 r - 2 scrolls of remove curse
 s - a scroll of torment
 t - 2 scrolls of amnesia
 w - a scroll of recharging {unknown}
Potions
 p - a potion of cancellation {unknown}
 q - a potion of curing {unknown}
 v - a potion of poison {unknown}
Comestibles
 d - 8 fruits
 f - 2 bread rations
 g - 2 meat rations
 h - a slice of pizza
 o - 2 beef jerkies


   Skills:
 + Level 8.8 Fighting
 + Level 11.0 Polearms
 - Level 2.1 Armour
 + Level 4.0 Dodging
 - Level 3.0 Shields


You had 8 spell levels left.
You didn't know any spells.

Dungeon Overview and Level Annotations

Branches:
Dungeon (6/15)
 Temple: D:4-7

Altars:
Ashenzari
Cheibriados
Pakellas
Ru
Trog
Vehumet
Xom

Shops:
D:4 *


Message History

You don't have any such object.
Read which item? (? for menu, Esc to quit)
None of your equipped items are cursed.
Unknown command.
Read which item? (? for menu, Esc to quit)
As you read the scroll of fear, it crumbles to dust.
You assume a fearsome visage.
The orc looks frightened!
The orc looks frightened!
The gnoll looks frightened!
The gnoll looks frightened!
* * * LOW HITPOINT WARNING * * *
You feel very sick.
Your surroundings suddenly seem different.
* * * LOW HITPOINT WARNING * * *
You feel very sick.
An adder comes into view.
Read which item? (? for menu, Esc to quit)
Okay, then.
Drink which item? (? for menu, Esc to quit)
It was a potion of cure mutation.
It has a very clean taste.
You die...

############
#....S@....#
#.########.#
.
########....
)oo..g......
#######....)


You could see an adder.

Vanquished Creatures
  The ghost of Mygna the Basher, a novice DDFi of Pakellas (D:6)
  A phantom (D:5)
  2 ogres
  A sky beast (D:5)
  A crocodile (Sewer)
  A giant frog (D:5)
  4 scorpions
  A crimson imp (D:6)
  A giant frog zombie (D:5)
  An orc priest (D:5)
  4 orc wizards
  A centaur skeleton (D:5)
  A centaur zombie (D:5)
  A gnoll shaman (D:6)
  2 iguanas
  A worker ant (D:6)
  A worker ant zombie (D:5)
  8 gnolls (D:6)
  A river rat (D:3)
  10 adders
  A shadow imp (D:6)
  3 worms
  A giant gecko (D:1)
  13 orcs
  7 bats
  7 giant cockroaches
  6 hobgoblins
  2 jackals (Sewer)
  3 quokkas
  3 ball pythons
  4 giant newts
  3 goblins
  15 kobolds
  11 rats
123 creatures vanquished.

Vanquished Creatures (others)
  A fire dragon (D:5)
1 creature vanquished.

Grand Total: 124 creatures vanquished

Notes
Turn   | Place    | Note
--------------------------------------------------------------
     0 | D:1      | JokEr the Merfolk Fighter began the quest for the Orb.
     0 | D:1      | Reached XP level 1. HP: 18/18 MP: 1/1
   108 | D:1      | Reached XP level 2. HP: 21/24 MP: 2/2
   222 | D:1      | Reached skill level 4 in Polearms
   416 | D:1      | Reached XP level 3. HP: 26/30 MP: 3/3
  1404 | D:2      | Reached XP level 4. HP: 33/38 MP: 4/4
  1691 | D:2      | Reached skill level 5 in Polearms
  1707 | D:2      | Found a sacrificial altar of Ru.
  1707 | D:2      | Found a shimmering altar of Xom.
  2025 | D:3      | Found a snail-covered altar of Cheibriados.
  2104 | D:3      | Found a shattered altar of Ashenzari.
  2288 | D:3      | Reached XP level 5. HP: 43/43 MP: 5/5
  2301 | D:3      | Found a glowing drain.
  2335 | Sewer    | Entered a sewer
  2418 | Sewer    | Noticed a crocodile
  2433 | Sewer    | Killed a crocodile
  2433 | Sewer    | Reached skill level 5 in Fighting
  2433 | Sewer    | Reached skill level 6 in Polearms
  3120 | D:4      | Reached XP level 6. HP: 24/51 MP: 6/6
  3934 | D:4      | Reached skill level 7 in Polearms
  4205 | D:4      | Found Jaboupemm's Elemental Accessories.
  4435 | D:4      | Reached XP level 7. HP: 53/58 MP: 7/7
  4440 | D:4      | Reached skill level 8 in Polearms
  4589 | D:4      | Found a bloodstained altar of Trog.
  4836 | D:5      | Entered Level 5 of the Dungeon
  5015 | D:5      | Found a radiant altar of Vehumet.
  5132 | D:5      | Found an oddly glowing altar of Pakellas.
  5132 | D:5      | Noticed a fire dragon
  5171 | D:5      | Killed a fire dragon
  5242 | D:5      | Reached skill level 9 in Polearms
  5246 | D:5      | Reached XP level 8. HP: 40/67 MP: 8/8
  5726 | D:5      | Reached skill level 10 in Polearms
  6027 | D:6      | Reached skill level 1 in Dodging
  6163 | D:6      | Noticed Mygna's ghost (novice DDFi)
  6214 | D:6      | Killed Mygna's ghost
  6779 | D:6      | Found a snail-covered altar of Cheibriados.
  6930 | D:6      | Reached skill level 11 in Polearms
  6930 | D:6      | Reached XP level 9. HP: 13/75 MP: 9/9
  6937 | D:6      | HP: 1/75 [poisoned by an orc wizard]
  6938 | D:6      | Succumbed to an orc wizard's poison

Vault maps used:
D:1:      saegor_arrival_simple_c
D:2:      gammafunk_temple_overflow_pools, first_bread
D:3:      overflow_temple_1_default, portal_sewer_entry_e,
          evilmike_ruin_ashenzari
D:4:      bloody_trog, kennysheep_pointless_box, minivault_25,
          nicolae_elemental_shop
D:5:      vehumet_altar_wand_db, gammafunk_pakellas_cloud_experiment
D:6:      tso_oasis_becter, kennysheep_mini_moat, cheibriados_altar_wand_db
Sewer:    sewer_the_crocodile

Action                   |  1- 3 |  4- 6 |  7- 9 || total
-------------------------+-------+-------+-------++-------
Melee: Trident           |   162 |   216 |   299 ||   677
  Use: Scroll            |       |     8 |     5 ||    13
       Potion            |       |     5 |     6 ||    11
 Stab: Distracted        |     1 |       |       ||     1
  Eat: Chunk             |     1 |     6 |     7 ||    14
       Bread ration      |       |     1 |       ||     1
       Fruit             |       |       |     2 ||     2
